[Event "Titled Tuesday Blitz July 25 Late 2023"]
[White "Haitin, Ilja"]
[Black "Winslow, Elliott"]
[WhiteFideId "4501764"]
[BlackFideId "2002523"]
[WhiteElo "2374"]
[BlackElo "2196"]
[Result "1-0"]
[Round "9"]
[TimeControl "180+2"]
[Date "2023.07.25"]
[WhiteClock "0:00:43"]
[BlackClock "0:00:00"]
[Board "105"]

1. Nf3 g6 2. e4 Bg7 3. d4 d6 4. c3 Nd7 5. Bd3 e5 6. O-O Ngf6 7. Nbd2 O-O 8. Re1 Qe7 9. dxe5 Nxe5 10. Nxe5 dxe5 11. Nc4 Bg4 12. Qb3 c6 13. h3 Be6 14. Qa3 Qxa3 15. Nxa3 Rfd8 16. Bc2 Bf8 17. Bg5 Kg7 18. Nb1 h6 19. Be3 b6 20. a4 c5 21. a5 b5 22. a6 Rd7 23. Nd2 Rad8 24. Nf3 Bd6 25. Red1 c4 26. Ra5 b4 27. Rb5 b3 28. Bb1 Bb8 29. Rxd7 Bxd7 30. Rxb8 Rxb8 31. Nxe5 Bb5 32. Bxa7 Ra8 33. Bd4 Rxa6 34. Ng4 Re6 35. Nxf6 Rxf6 36. f4 Bc6 37. Kf2 h5 38. g3 g5 39. Ke3 gxf4+ 40. gxf4 h4 41. f5 Bxe4 42. Bxe4 Kh6 43. Bxf6 1-0


[Site "https://www.chess.com"]

[Event "Titled Tuesday Blitz July 25 Late 2023"]
[White "BeautiFullMindChess"]
[Black "Lalanne, Pablo"]
[BlackFideId "112151"]
[WhiteElo "2160"]
[BlackElo "2368"]
[Result "0-1"]
[Round "9"]
[TimeControl "180+2"]
[Date "2023.07.25"]
[WhiteClock "0:01:43"]
[BlackClock "0:02:02"]
[Board "106"]

1. e4 c5 2. Nc3 Nc6 3. f4 g6 4. Nf3 Bg7 5. Bb5 Nd4 6. Bc4 e6 7. d3 Ne7 8. O-O O-O 9. Nxd4 cxd4 10. Ne2 d5 11. Bb3 a5 12. a4 b6 13. e5 Nc6 14. c3 dxc3 15. bxc3 d4 16. Ba3 Re8 17. Bd6 dxc3 18. Nxc3 Nd4 19. Bc4 Bb7 20. Nb5 Nf5 21. Bc7 Qd7 22. Bxb6 Qc6 0-1


[Site "https://www.chess.com"]

[Event "Titled Tuesday Blitz July 25 Late 2023"]
[White "Curtis, John"]
[Black "Gerbelli Neto, Eduardo"]
[WhiteFideId "3200256"]
[BlackFideId "2103281"]
[WhiteElo "2149"]
[BlackElo "2363"]
[Result "0-1"]
[Round "9"]
[TimeControl "180+2"]
[Date "2023.07.25"]
[WhiteClock "0:01:24"]
[BlackClock "0:01:21"]
[Board "107"]

1. e4 e5 2. Nf3 Nc6 3. Bb5 a6 4. Bxc6 dxc6 5. O-O Bg4 6. d3 Qf6 7. Be3 Bd6 8. Nbd2 Ne7 9. c4 b6 10. Qc2 c5 11. a3 Ng6 12. b4 Nf4 13. bxc5 bxc5 14. Bxf4 Qxf4 15. Rab1 O-O 16. Qd1 f5 17. Qe2 Qh6 18. exf5 Bxf5 19. h3 Rae8 20. Qe3 Qxe3 21. fxe3 Bxd3 0-1


[Site "https://www.chess.com"]

[Event "Titled Tuesday Blitz July 25 Late 2023"]
[White "Tarnowska, Aleksandra"]
[Black "Campos, Maria Jose"]
[WhiteFideId "1180967"]
[BlackFideId "146803"]
[WhiteElo "2125"]
[BlackElo "2354"]
[Result "0-1"]
[Round "9"]
[TimeControl "180+2"]
[Date "2023.07.25"]
[WhiteClock "0:00:03"]
[BlackClock "0:02:07"]
[Board "108"]

1. e4 e5 2. Nf3 Nc6 3. Bb5 a6 4. Ba4 Bc5 5. O-O Nge7 6. c3 Ng6 7. d4 Ba7 8. Bg5 f6 9. Be3 O-O 10. Bb3+ Kh8 11. Qd2 d6 12. h3 Qe8 13. dxe5 dxe5 14. Bxa7 Rxa7 15. Qe3 Ra8 16. Nbd2 Be6 17. Rad1 Rd8 18. Bxe6 Qxe6 19. Nb3 b6 20. Nh2 Nf4 21. Rfe1 Ne7 22. Nf1 Neg6 23. Ng3 Nh4 24. Nf5 Nhxg2 25. Qg3 g6 26. Rxd8 Rxd8 27. Ne3 Nxe1 28. h4 Qh3 29. Qxh3 Nxh3+ 30. Kf1 Nf3 31. Kg2 Nhg1 32. Ng4 Kg7 33. Nc1 f5 34. exf5 gxf5 35. Ne3 e4 36. Nxf5+ Kf6 37. Ng3 Ke5 38. Nb3 Rd1 39. a4 Rb1 40. a5 b5 41. Nc5 Rxb2 42. Nxa6 Ra2 43. Nxc7 Rxa5 44. Ne8 Ra2 45. Ng7 Ne2 46. N7h5 Nf4+ 47. Nxf4 Kxf4 48. h5 e3 49. h6 Rxf2+ 50. Kh1 Rh2# 0-1


[Site "https://www.chess.com"]

[Event "Titled Tuesday Blitz July 25 Late 2023"]
[White "Yolosz"]
[Black "Graham, Nathaniel"]
[BlackFideId "2007983"]
[WhiteElo "2341"]
[BlackElo "2048"]
[Result "0-1"]
[Round "9"]
[TimeControl "180+2"]
[Date "2023.07.25"]
[WhiteClock "0:00:02"]
[BlackClock "0:00:21"]
[Board "109"]

1. d4 d5 2. Bf4 Nf6 3. e3 c5 4. c3 Nc6 5. Nd2 Bf5 6. Ngf3 e6 7. Bb5 Bd6 8. Bg3 O-O 9. O-O h6 10. Bxc6 bxc6 11. Ne5 cxd4 12. Nxc6 Qc7 13. Nxd4 Bxg3 14. hxg3 Bd3 15. Re1 Rab8 16. N2b3 Bc4 17. Qc2 Qb6 18. Rab1 e5 19. Nf3 e4 20. Ne5 Bxb3 21. axb3 Qxb3 22. Qxb3 Rxb3 23. Ra1 Rxb2 24. Rxa7 Rc8 25. Nxf7 Rxc3 26. Ne5 Rcc2 27. Rf1 Rd2 28. Re7 Rbc2 29. g4 d4 30. exd4 e3 31. g5 hxg5 32. Re8+ Kh7 33. Nf3 Rxf2 34. Rxe3 Rxg2+ 35. Kh1 Ng4 36. Nxg5+ Kg6 37. Rh3 Kxg5 38. Rg1 Rxg1+ 39. Kxg1 Rc1+ 40. Kg2 Rc2+ 41. Kf1 Rd2 42. Rg3 Rxd4 43. Ke2 Rf4 44. Rg1 g6 45. Rg3 Kf5 46. Rg1 g5 47. Rg3 Ne5 48. Rg1 g4 49. Ke3 Rf3+ 50. Ke2 Kf4 51. Rh1 g3 52. Rh4+ Ng4 53. Rh8 Rf2+ 54. Ke1 Kf3 55. Rf8+ Kg2 56. Rg8 Ra2 57. Rxg4 Ra1+ 58. Ke2 Ra2+ 59. Ke1 Kf3 60. Rg8 g2 61. Rf8+ Kg3 62. Rg8+ Kh2 63. Rh8+ Kg1 64. Rg8 Ra7 65. Ke2 Re7+ 66. Kf3 Rf7+ 67. Kg3 Kf1 68. Kh2 Rh7+ 69. Kg3 g1=Q+ 70. Kf3 Rf7+ 0-1


[Site "https://www.chess.com"]

[Event "Titled Tuesday Blitz July 25 Late 2023"]
[White "Vifleemskaia, Svetlana"]
[Black "Zhou, Qiyu"]
[WhiteFideId "4129490"]
[BlackFideId "505161"]
[WhiteElo "2325"]
[BlackElo "2338"]
[Result "1-0"]
[Round "9"]
[TimeControl "180+2"]
[Date "2023.07.25"]
[WhiteClock "0:00:14"]
[BlackClock "0:00:00"]
[Board "110"]

1. d4 Nf6 2. c4 e6 3. Nc3 Bb4 4. e3 O-O 5. Ne2 b6 6. a3 Be7 7. d5 Bb7 8. g3 d6 9. Bg2 e5 10. O-O Nbd7 11. b4 a5 12. Bd2 h6 13. Qc2 Nh7 14. e4 Bg5 15. f4 exf4 16. gxf4 Bf6 17. Be3 Qe7 18. Ng3 g6 19. Ra2 axb4 20. axb4 Rxa2 21. Nxa2 Bg7 22. Nc3 Qf6 23. Nb5 Rc8 24. Bd4 Qe7 25. Bxg7 Kxg7 26. Qc3+ Qf6 27. Qxf6+ Nhxf6 28. Ra1 Ne8 29. Bh3 Rd8 30. Ra7 c6 31. dxc6 Bxc6 32. Nd4 Nb8 33. b5 Bd7 34. Bg2 Rc8 35. Bf1 Rc7 36. Ra8 Rb7 37. Kf2 Nc7 38. Ra3 Ne6 39. Ke3 Rc7 40. Nxe6+ Bxe6 41. Kd4 Nd7 42. f5 gxf5 43. exf5 Bxc4 44. Bxc4 Ne5 45. Bd5 Rc1 46. Be4 Rd1+ 47. Bd3 Rh1 48. Ne4 Rxh2 49. Nxd6 Nf3+ 50. Ke3 Ng5 51. Ne4 Rh3+ 52. Kd4 Rh4 53. Ke5 Nf3+ 54. Kd6 Nd4 55. f6+ Kg6 56. Kc7 1-0


[Site "https://www.chess.com"]

[Event "Titled Tuesday Blitz July 25 Late 2023"]
[White "arturdailima"]
[Black "zano2023"]
[WhiteElo "2337"]
[BlackElo "2038"]
[Result "1-0"]
[Round "9"]
[TimeControl "180+2"]
[Date "2023.07.25"]
[WhiteClock "0:00:21"]
[BlackClock "0:00:31"]
[Board "111"]

1. e4 e5 2. Nf3 d6 3. Nc3 f5 4. d3 Nf6 5. Be2 Be7 6. O-O O-O 7. h3 c6 8. Re1 f4 9. d4 Qc7 10. Bc4+ Kh8 11. Ng5 h6 12. dxe5 dxe5 13. Ne6 Bxe6 14. Bxe6 Nbd7 15. Qf3 Nc5 16. Bb3 b5 17. Bd2 a5 18. a4 Nxb3 19. cxb3 b4 20. Ne2 Rad8 21. Red1 Rd7 22. Be1 Rfd8 23. Rxd7 Qxd7 24. Kf1 Qd3 25. Rc1 c5 26. Rc4 Qxf3 27. gxf3 Rd3 28. Rc2 Rxf3 29. Kg2 Rxb3 30. Nc1 f3+ 31. Kf1 c4 32. Nxb3 cxb3 33. Rc7 Bd6 34. Ra7 Nxe4 35. Rxa5 Kh7 36. Rb5 Bc5 37. a5 Bd4 38. Rxb4 Nc5 39. Bc3 Nd3 40. Rxb3 Bxf2 41. Bxe5 Nxe5 42. Kxf2 g5 43. a6 Nc6 44. a7 1-0


[Site "https://www.chess.com"]

[Event "Titled Tuesday Blitz July 25 Late 2023"]
[White "Kostiukov, Alexandr"]
[Black "Masterisback04"]
[WhiteFideId "14108100"]
[WhiteElo "2329"]
[BlackElo "1885"]
[Result "1-0"]
[Round "9"]
[TimeControl "180+2"]
[Date "2023.07.25"]
[WhiteClock "0:00:46"]
[BlackClock "0:00:25"]
[Board "112"]

1. g3 Nf6 2. Bg2 g6 3. Nf3 Bg7 4. c4 O-O 5. d4 c6 6. O-O d5 7. cxd5 cxd5 8. Nc3 Nc6 9. Ne5 Bd7 10. Bf4 Nxe5 11. Bxe5 Bc6 12. Rc1 Rc8 13. Qb3 e6 14. Qa3 a6 15. Na4 Nd7 16. Bxg7 Kxg7 17. Nc5 Nxc5 18. Rxc5 Qd6 19. Rfc1 Rc7 20. Qa5 Rfc8 21. h4 h5 22. Qb6 Kf8 23. e3 Ke7 24. Bf1 Kd7 25. b4 Ba4 26. Qa5 Rxc5 27. bxc5 Qc6 28. Rb1 Bc2 29. Rb6 Qc7 30. Qb4 Rb8 31. c6+ 1-0


[Site "https://www.chess.com"]

[Event "Titled Tuesday Blitz July 25 Late 2023"]
[White "Winkels, Marcel"]
[Black "Lutz, Igor Oscar"]
[WhiteFideId "1003887"]
[BlackFideId "2110806"]
[WhiteElo "2081"]
[BlackElo "1974"]
[Result "1-0"]
[Round "9"]
[TimeControl "180+2"]
[Date "2023.07.25"]
[WhiteClock "0:01:14"]
[BlackClock "0:01:02"]
[Board "113"]

1. e4 c5 2. Nf3 Nc6 3. Bb5 d6 4. O-O Bg4 5. h3 Bxf3 6. Qxf3 g6 7. Bxc6+ bxc6 8. e5 d5 9. d3 Bg7 10. Re1 Qc7 11. e6 fxe6 12. Rxe6 Nf6 13. Qe2 Kf7 14. Nc3 Rhe8 15. Bd2 Ne4 16. Nxe4 Kxe6 17. Ng5+ Kd7 18. Qe6+ Kd8 19. Nf7# 1-0


[Site "https://www.chess.com"]

[Event "Titled Tuesday Blitz July 25 Late 2023"]
[White "KSho99"]
[Black "kiwibobo"]
[WhiteElo "2221"]
[BlackElo "2341"]
[Result "0-1"]
[Round "9"]
[TimeControl "180+2"]
[Date "2023.07.25"]
[WhiteClock "0:00:00"]
[BlackClock "0:00:03"]
[Board "114"]

1. d4 Nf6 2. Nc3 d5 3. Bf4 g6 4. e3 Bg7 5. h4 h5 6. Nf3 O-O 7. Ne5 c5 8. Be2 cxd4 9. exd4 Nc6 10. Bf3 Qb6 11. Nxc6 bxc6 12. Rb1 Bf5 13. O-O Nd7 14. Be3 Qc7 15. Qd2 e5 16. dxe5 Nxe5 17. Be2 Rfd8 18. Bf4 d4 19. Na4 Qe7 20. Rfe1 Qd7 21. Nc5 Qd5 22. Nb3 c5 23. Bxe5 Qxe5 24. Bf3 Qd6 25. Bxa8 Rxa8 26. Rbd1 Rd8 27. c3 c4 28. Nxd4 Qf6 29. Qe3 Bd3 30. Qg3 Rxd4 31. cxd4 Qxd4 32. Re3 Qxb2 33. Rexd3 cxd3 34. Qxd3 Qxa2 35. Qd8+ Kh7 36. Qd7 a5 37. Qd5 Qc2 38. Rd2 Qc1+ 39. Kh2 a4 40. Ra2 a3 41. Qxf7 Qb1 42. Re2 Qb8+ 43. g3 Qf8 44. Qxf8 Bxf8 45. Ra2 Bb4 46. Kg2 Kg7 47. Kf3 Kf6 48. Ke4 Bc5 49. f3 Ke6 50. g4 hxg4 51. fxg4 Kf6 52. Kf4 Kg7 53. Ke5 Bb4 54. Kd5 Kh6 55. Kc4 Be7 56. g5+ Kh5 0-1


[Site "https://www.chess.com"]

[Event "Titled Tuesday Blitz July 25 Late 2023"]
[White "Jahnz, Fabian"]
[Black "Xia, Brandon"]
[WhiteFideId "4653300"]
[BlackFideId "30921880"]
[WhiteElo "2169"]
[BlackElo "2338"]
[Result "0-1"]
[Round "9"]
[TimeControl "180+2"]
[Date "2023.07.25"]
[WhiteClock "0:00:18"]
[BlackClock "0:00:48"]
[Board "115"]

1. e4 g6 2. d4 Bg7 3. Nc3 d6 4. Bg5 a6 5. Qd2 b5 6. O-O-O Bb7 7. f3 Nd7 8. h4 h6 9. Be3 c5 10. dxc5 Nxc5 11. Bxc5 dxc5 12. Qxd8+ Rxd8 13. Rxd8+ Kxd8 14. Nge2 Nf6 15. g4 Kc7 16. Bg2 Nd7 17. f4 Nb6 18. Rg1 h5 19. g5 Rd8 20. Rd1 Rxd1+ 21. Kxd1 Nc4 22. Kc1 b4 23. Nd1 a5 24. c3 Nd6 25. Ng3 a4 26. Kc2 Kb6 27. Ne3 e6 28. cxb4 cxb4 29. b3 a3 30. Kd3 Nb5 31. Nc4+ Kc5 32. Ne2 Ba6 33. Bh3 Nd6 34. f5 Nxc4 35. bxc4 Bxc4+ 36. Kc2 Bxa2 37. fxg6 fxg6 38. Nc1 Bc4 39. Nb3+ Kb5 40. Nd2 a2 41. Nxc4 a1=Q 42. Bxe6 Qc3+ 43. Kb1 b3 44. Na3+ Kb4 0-1


[Site "https://www.chess.com"]

[Event "Titled Tuesday Blitz July 25 Late 2023"]
[White "Clawitter, Craig"]
[Black "Osiecki, Stanislaw"]
[WhiteFideId "2023105"]
[BlackFideId "1102990"]
[WhiteElo "2268"]
[BlackElo "2057"]
[Result "0-1"]
[Round "9"]
[TimeControl "180+2"]
[Date "2023.07.25"]
[WhiteClock "0:00:00"]
[BlackClock "0:00:37"]
[Board "116"]

1. e4 e6 2. d4 d5 3. e5 c5 4. c3 Nc6 5. Nf3 Qb6 6. a3 c4 7. Nbd2 Na5 8. g3 Bd7 9. Bg2 O-O-O 10. O-O h6 11. Rb1 Kb8 12. b3 cxb3 13. Nxb3 Ba4 14. Nfd2 Rc8 15. Qc2 Nxb3 16. Nxb3 Bxb3 17. Rxb3 Qxd4 18. Qb2 Qc4 19. Rxb7+ Ka8 20. Be3 Bc5 21. Rb1 Ne7 22. Rxe7 Rb8 23. Rb7 Bb6 24. Rxb8+ Rxb8 25. Bxb6 Rxb6 26. Qc2 Rxb1+ 27. Qxb1 Qxc3 28. h4 Qxa3 29. Qh7 Qa1+ 30. Kh2 Qxe5 31. Qg8+ Kb7 32. Qxf7+ Kb6 33. Bh3 Qd4 34. Qxe6+ Kb5 35. Qe3 Qxe3 36. fxe3 a5 37. Bf1+ Kb4 38. Bd3 Kb3 39. Kg2 a4 40. Bb1 Kb2 41. Bf5 a3 42. Be6 a2 43. Bxd5 a1=Q 0-1


[Site "https://www.chess.com"]

[Event "Titled Tuesday Blitz July 25 Late 2023"]
[White "disciplinedbrat"]
[Black "Hamidi, Amir Mohammad"]
[BlackFideId "12563285"]
[WhiteElo "2259"]
[BlackElo "2739"]
[Result "1-0"]
[Round "9"]
[TimeControl "180+2"]
[Date "2023.07.25"]
[WhiteClock "0:00:10"]
[BlackClock "0:00:00"]
[Board "117"]

1. Nf3 Nf6 2. g3 d5 3. Bg2 c5 4. O-O Nc6 5. d4 Bg4 6. c3 e6 7. dxc5 Bxc5 8. b4 Bd6 9. b5 Ne5 10. Nxe5 Bxe5 11. f4 Bd6 12. f5 Qb6+ 13. Kh1 Qxb5 14. c4 Qxc4 15. Nd2 Qb5 16. Rb1 Qd7 17. fxe6 Bxe6 18. e4 O-O 19. exd5 Bxd5 20. Bxd5 Nxd5 21. Ne4 Qe6 22. Ng5 Qg6 23. Rxb7 Nc3 24. Qb3 Ne2 25. Bb2 Bxg3 26. Nxf7 Rxf7 27. Rbxf7 Qc6+ 28. R7f3+ Kh8 29. Bxg7+ Kxg7 30. Qf7+ Kh6 31. hxg3 Nxg3+ 32. Kg1 Nxf1 33. Rf6+ 1-0


[Site "https://www.chess.com"]

[Event "Titled Tuesday Blitz July 25 Late 2023"]
[White "Celestino, Rafael Teixeira"]
[Black "The_Straightforward_Rook"]
[WhiteFideId "2108925"]
[WhiteElo "2256"]
[BlackElo "2379"]
[Result "0-1"]
[Round "9"]
[TimeControl "180+2"]
[Date "2023.07.25"]
[WhiteClock "0:00:13"]
[BlackClock "0:01:19"]
[Board "118"]

1. e4 e5 2. Nf3 Nc6 3. Bc4 Bc5 4. c3 Nf6 5. d3 a6 6. O-O d6 7. Bg5 h6 8. Bh4 g5 9. Nxg5 hxg5 10. Bxg5 Rg8 11. h4 Bg4 12. Qb3 Kf8 13. Bxf7 Na5 14. Qa4 Kxf7 15. Qxa5 Qd7 16. b4 Bb6 17. Qa3 Nh7 18. Be3 Bf3 19. Qb3+ d5 20. Rc1 Bxg2 21. Qxd5+ Qxd5 22. exd5 Bxd5+ 23. Kf1 Bxe3 24. fxe3 Ke7 25. e4 Raf8+ 26. Ke2 Be6 27. Rf1 Rg2+ 28. Ke1 Rh2 29. Na3 Rxf1+ 0-1


[Site "https://www.chess.com"]

[Event "Titled Tuesday Blitz July 25 Late 2023"]
[White "Akhayan, Ruben"]
[Black "Dwilewicz, Katarzyna"]
[WhiteFideId "204439"]
[BlackFideId "1148486"]
[WhiteElo "2247"]
[BlackElo "2376"]
[Result "1/2-1/2"]
[Round "9"]
[TimeControl "180+2"]
[Date "2023.07.25"]
[WhiteClock "0:00:12"]
[BlackClock "0:00:05"]
[Board "119"]

1. d4 d5 2. Nf3 Nf6 3. Bf4 g6 4. e3 Bg7 5. Be2 O-O 6. h3 c5 7. c3 b6 8. O-O Nc6 9. Nbd2 Re8 10. Bh2 Bb7 11. a4 Ne4 12. Nxe4 dxe4 13. Nd2 Na5 14. Bb5 Rf8 15. dxc5 bxc5 16. Nc4 Nxc4 17. Bxc4 e5 18. Qc2 a5 19. Rfd1 Qb6 20. Bd5 Rad8 21. Bxb7 Qxb7 22. b3 f5 23. c4 f4 24. Rxd8 Rxd8 25. Rd1 Rf8 26. Rd5 fxe3 27. fxe3 Qf7 28. Qe2 Bh6 29. Bxe5 Qe6 30. Ba1 Rf5 31. Rxf5 gxf5 32. Kh1 f4 33. exf4 Bxf4 34. Qb2 Qg6 35. Qh8+ Kf7 36. Qd8 e3 37. Qd7+ Kf8 38. Qd8+ Kf7 39. Qd7+ Kf8 40. Qd8+ Kf7 1/2-1/2


[Site "https://www.chess.com"]

[Event "Titled Tuesday Blitz July 25 Late 2023"]
[White "Miguelitro69"]
[Black "Rian, Kapriaga"]
[BlackFideId "7103263"]
[WhiteElo "2272"]
[BlackElo "2332"]
[Result "1-0"]
[Round "9"]
[TimeControl "180+2"]
[Date "2023.07.25"]
[WhiteClock "0:00:04"]
[BlackClock "0:00:00"]
[Board "120"]

1. e4 c6 2. d4 d5 3. Nc3 dxe4 4. Nxe4 Nf6 5. Nxf6+ exf6 6. c3 Bd6 7. Bd3 O-O 8. Ne2 Re8 9. O-O Be6 10. Nf4 Qc7 11. Nxe6 fxe6 12. h3 Nd7 13. Bc4 Nf8 14. Re1 b5 15. Bb3 Kh8 16. Qf3 a5 17. a4 b4 18. c4 c5 19. Be3 cxd4 20. Bxd4 e5 21. Be3 Bc5 22. Rac1 Rad8 23. Red1 Bxe3 24. Qxe3 Ne6 25. Rxd8 Rxd8 26. c5 Nd4 27. Ba2 h6 28. Bb1 f5 29. Qd3 e4 30. Qc4 Qe5 31. c6 f4 32. c7 Rc8 33. Qa6 Rxc7 34. Qa8+ Kh7 35. Rxc7 Qxc7 36. Qxe4+ Kg8 37. Bd3 Qd7 38. Qh7+ Kf8 39. Qe4 Kf7 40. Kh2 Kf6 41. Qxf4+ Ke7 42. Qe4+ Ne6 43. g3 Qd6 44. Kg2 Kf8 45. Bc4 Nd8 46. Qf5+ Ke7 47. Qe4+ Kf8 48. Qf3+ Ke7 49. b3 Kd7 50. Qg4+ Ke7 51. Qxg7+ Ke8 52. Qh8+ Kd7 53. Qxh6 Qxh6 54. Bb5+ 1-0


[Site "https://www.chess.com"]

[Event "Titled Tuesday Blitz July 25 Late 2023"]
[White "Villarreal, Agustin"]
[Black "De Souza, Cristiano Gomes"]
[WhiteFideId "125687"]
[BlackFideId "2151758"]
[WhiteElo "2332"]
[BlackElo "2206"]
[Result "1-0"]
[Round "9"]
[TimeControl "180+2"]
[Date "2023.07.25"]
[WhiteClock "0:00:19"]
[BlackClock "0:00:06"]
[Board "121"]

1. e4 c5 2. Nf3 d6 3. d4 cxd4 4. Nxd4 Nf6 5. Nc3 g6 6. Bc4 Bg7 7. h3 O-O 8. Be3 Nc6 9. Bb3 Bd7 10. O-O Nxd4 11. Bxd4 Bc6 12. Re1 b5 13. Nd5 Bxd5 14. exd5 a5 15. c3 a4 16. Bc2 Qd7 17. Qd2 Qb7 18. Bxf6 Bxf6 19. Re2 Rac8 20. Rae1 Rc7 21. Qf4 Rfc8 22. a3 Qxd5 23. Be4 Qg5 24. Qf3 Kg7 25. Bb7 Rb8 26. Be4 h5 27. Bd3 Rc5 28. Re4 Rf5 29. Qe2 Re5 30. Qf3 Rxe4 31. Qxe4 Rc8 32. Qb7 Rc5 33. Re3 Re5 34. Rxe5 Bxe5 35. Qxb5 Qc1+ 36. Bf1 Qd2 37. Qe2 Qc1 38. g3 h4 39. Kg2 hxg3 40. fxg3 Qg5 41. Qd3 f5 42. Be2 f4 43. g4 Qh4 44. Bd1 Qe1 45. Bc2 Kf8 46. Bxa4 Qc1 47. Bc2 f3+ 48. Qxf3+ Kg7 49. Qd3 Qf4 50. Qxg6+ Kf8 51. Qf5+ Qxf5 52. Bxf5 Bf4 53. a4 Bc1 54. b3 Bb2 55. c4 Bc3 56. Kf3 Ba5 57. Ke4 Kg7 58. Kd5 Kf6 59. Be6 Kg5 60. Kc6 1-0


[Site "https://www.chess.com"]

[Event "Titled Tuesday Blitz July 25 Late 2023"]
[White "Quirke, Jeffrey"]
[Black "Awoki, Daniel Teidi"]
[WhiteFideId "2013029"]
[BlackFideId "2100827"]
[WhiteElo "2188"]
[BlackElo "2308"]
[Result "1-0"]
[Round "9"]
[TimeControl "180+2"]
[Date "2023.07.25"]
[WhiteClock "0:00:05"]
[BlackClock "0:00:17"]
[Board "122"]

1. c4 e5 2. g3 Nf6 3. Bg2 d5 4. cxd5 Nxd5 5. Nf3 Nc6 6. d3 Nb6 7. O-O Be7 8. Nbd2 O-O 9. a3 Re8 10. b4 a5 11. b5 Nd4 12. e3 Nxf3+ 13. Nxf3 a4 14. Bb2 f6 15. Qc2 Ra5 16. d4 e4 17. Nd2 f5 18. Nc4 Rxb5 19. Nxb6 Rxb6 20. Rab1 Rb3 21. Qc4+ Kh8 22. Qxa4 Rb6 23. Rfc1 Be6 24. Qc2 c6 25. Bf1 Ba2 26. Ra1 Bb3 27. Qc3 Qd5 28. Rab1 Ba2 29. Ra1 Ra8 30. Rc2 Bd6 31. Rxa2 Qxa2 32. d5 Bf8 33. Bc4 Qb1+ 34. Kg2 Qd1 35. Rd2 Qf3+ 36. Kg1 cxd5 37. Bxd5 Rd8 38. Qc7 Rbd6 39. Qf7 Rxd5 40. Rxd5 Rc8 41. Rd7 Qg4 42. h3 Qg5 43. Rxb7 h6 44. h4 Qg4 45. a4 Qd1+ 46. Kh2 Qg4 47. a5 Kh7 48. a6 Qg6 49. Qxg6+ Kxg6 50. a7 Ra8 51. Bd4 Bd6 52. Rd7 Bf8 53. Rb7 Bd6 54. Rb6 Kf7 55. Rxd6 Ke7 56. Rc6 Kd7 57. Rg6 Rg8 58. Rxg7+ Rxg7 59. a8=Q Ke6 1-0


[Site "https://www.chess.com"]

[Event "Titled Tuesday Blitz July 25 Late 2023"]
[White "Barwinska, Ewa"]
[Black "Oliveira, Tiago Batista"]
[WhiteFideId "21833761"]
[BlackFideId "2108291"]
[WhiteElo "2292"]
[BlackElo "2163"]
[Result "0-1"]
[Round "9"]
[TimeControl "180+2"]
[Date "2023.07.25"]
[WhiteClock "0:00:07"]
[BlackClock "0:00:11"]
[Board "123"]

1. e4 e5 2. Nf3 Nc6 3. Bb5 a6 4. Ba4 Nf6 5. O-O Nxe4 6. d4 b5 7. Bb3 d5 8. dxe5 Be6 9. c3 Bc5 10. Nbd2 O-O 11. Qe2 Bf5 12. Nxe4 dxe4 13. Nd2 e3 14. fxe3 Bd3 15. Qg4 Bxf1 16. Nxf1 Nxe5 17. Qg3 Qf6 18. Bd2 Rad8 19. Kh1 Bd6 20. Qh3 Qf2 21. e4 Bc5 22. Be3 Bxe3 23. Nxe3 Rd2 24. Ng4 Nxg4 25. Qxg4 h5 26. Qg5 Rfd8 27. Rg1 h4 28. h3 R8d3 29. Qg4 Rg3 30. Qxh4 Rxg2 31. Bxf7+ Kxf7 32. Qh5+ g6 33. Qh7+ Kf6 34. Qh8+ Kg5 35. Qe5+ Kh6 36. Qh8+ Kg5 37. h4+ Kg4 38. Qc8+ Kxh4 39. Qh8+ Kg3 40. Qe5+ Qf4 41. Rxg2+ Rxg2 42. Qxf4+ Kxf4 43. Kxg2 Kxe4 44. Kg3 Kd3 45. Kg4 Kc2 46. Kg5 Kxb2 47. Kxg6 Kxc3 48. Kf6 Kb2 49. Ke6 Kxa2 50. Kd7 b4 51. Kxc7 b3 52. Kc6 b2 0-1


[Site "https://www.chess.com"]

[Event "Titled Tuesday Blitz July 25 Late 2023"]
[White "Gyulamiryan-koryun"]
[Black "Alexikov, Alexander"]
[BlackFideId "14103958"]
[WhiteElo "2071"]
[BlackElo "2211"]
[Result "1-0"]
[Round "9"]
[TimeControl "180+2"]
[Date "2023.07.25"]
[WhiteClock "0:00:57"]
[BlackClock "0:00:00"]
[Board "124"]

1. e4 c5 2. Nf3 d6 3. d4 cxd4 4. Nxd4 Nf6 5. Nc3 a6 6. f3 e6 7. Be3 h5 8. Qd2 Nbd7 9. O-O-O Qc7 10. Kb1 Be7 11. h4 b5 12. Bxb5 axb5 13. Ndxb5 Qb8 14. Nxd6+ Bxd6 15. Qxd6 Qxd6 16. Rxd6 Ke7 17. Rhd1 Ra6 18. Nb5 Bb7 19. Bg5 Rxd6 20. Nxd6 Bc6 21. Nc4 e5 22. Rd6 Rc8 23. b3 Bxe4 24. Rxd7+ Kxd7 25. Nb6+ Kc7 26. Nxc8 Kxc8 27. Bxf6 Bxf3 28. Bxg7 Bxg2 29. Bxe5 Kd7 30. c4 Ke6 31. Bc7 Kf5 32. a4 Kg4 33. Bd8 f5 34. b4 f4 35. b5 f3 36. Bb6 Kg3 37. c5 f2 38. c6 f1=Q+ 39. Kb2 Qe2+ 40. Kb3 Qd3+ 41. Kb4 Qb1+ 42. Ka5 Kxh4 43. c7 1-0


[Site "https://www.chess.com"]

[Event "Titled Tuesday Blitz July 25 Late 2023"]
[White "Tsukerman, Julia"]
[Black "Alahakoon, Isuru"]
[WhiteFideId "2621649"]
[BlackFideId "9900993"]
[WhiteElo "2122"]
[BlackElo "2318"]
[Result "0-1"]
[Round "9"]
[TimeControl "180+2"]
[Date "2023.07.25"]
[WhiteClock "0:00:14"]
[BlackClock "0:00:49"]
[Board "125"]

1. e4 d5 2. exd5 Qxd5 3. d4 Nc6 4. Nf3 Bg4 5. Be2 Nf6 6. c3 O-O-O 7. O-O e6 8. Bf4 h5 9. Nbd2 Qf5 10. Be3 Nd5 11. Qb1 Nxe3 12. fxe3 Qxb1 13. Raxb1 f6 14. h3 Bf5 15. e4 Bh7 16. Rbe1 g5 17. Bc4 Re8 18. Nh2 Bg7 19. Nb3 e5 20. d5 Ne7 21. Nc5 Bg8 22. b3 Ng6 23. g3 h4 24. Kg2 hxg3 25. Kxg3 Nf4 26. Ne6 Bxe6 27. dxe6 Rxh3+ 28. Kg4 Rxh2 0-1


[Site "https://www.chess.com"]

[Event "Titled Tuesday Blitz July 25 Late 2023"]
[White "Hartikainen, Jarmo"]
[Black "UgarteCesar"]
[WhiteFideId "503134"]
[WhiteElo "2081"]
[BlackElo "2274"]
[Result "0-1"]
[Round "9"]
[TimeControl "180+2"]
[Date "2023.07.25"]
[WhiteClock "0:00:00"]
[BlackClock "0:00:52"]
[Board "126"]

1. e4 c5 2. c3 d5 3. exd5 Qxd5 4. d4 Nc6 5. Nf3 Bg4 6. Be2 cxd4 7. cxd4 e6 8. Nc3 Bb4 9. O-O Qa5 10. Bd2 Nge7 11. a3 Bxc3 12. Bxc3 Qd8 13. h3 Bh5 14. Qb3 b6 15. Rfd1 O-O 16. Qb5 Qd5 17. Qxd5 Nxd5 18. Rac1 Nce7 19. g4 Bg6 20. Ne5 Rac8 21. Bd2 Bc2 22. Re1 f6 23. Nc4 Bg6 24. Nd6 Rcd8 25. Nb5 Rd7 26. Bf3 Rfd8 27. b4 Bd3 28. Nc3 Kf7 29. Nxd5 Nxd5 30. Bxd5 Rxd5 31. Be3 Bb5 32. Rc7+ R8d7 33. Rec1 g6 34. Rxd7+ Rxd7 35. f3 Ke7 36. Kf2 Kd8 37. Rc2 Ba4 38. Rd2 Rc7 39. d5 e5 40. f4 Rc3 41. fxe5 fxe5 42. d6 Rxa3 43. Bg5+ Kd7 44. Bf6 e4 45. h4 e3+ 0-1


[Site "https://www.chess.com"]

[Event "Titled Tuesday Blitz July 25 Late 2023"]
[White "Thiel, Thomas"]
[Black "Burke, Paul"]
[WhiteFideId "4615964"]
[BlackFideId "2605767"]
[WhiteElo "2244"]
[BlackElo "1929"]
[Result "1-0"]
[Round "9"]
[TimeControl "180+2"]
[Date "2023.07.25"]
[WhiteClock "0:01:28"]
[BlackClock "0:01:27"]
[Board "127"]

1. e4 a6 2. d4 d6 3. Bd3 g6 4. Be3 h6 5. Nd2 Bg7 6. Qe2 Nd7 7. f4 e6 8. e5 Ne7 9. O-O-O b6 10. g4 Bb7 11. Ngf3 O-O 12. Rhg1 Nd5 13. f5 Nxe3 14. Qxe3 dxe5 15. dxe5 exf5 16. gxf5 Qe7 17. fxg6 fxg6 18. Rxg6 Bxf3 19. Nxf3 Rxf3 20. Qxf3 Nxe5 21. Qxa8+ 1-0


[Site "https://www.chess.com"]